[Event "Titled Tuesday Blitz December 27 Early 2022"]
[White "Sreyas Payyappat"]
[Black "Tarnowska, Aleksandra"]
[WhiteFideId "46674969"]
[BlackFideId "1180967"]
[WhiteElo "2076"]
[BlackElo "1835"]
[Result "0-1"]
[Round "09"]
[TimeControl "180+2"]
[Date "2022.12.27"]
[WhiteClock "0:00:11"]
[BlackClock "0:00:06"]

1. e4 c5 2. Nf3 e6 3. d4 cxd4 4. Nxd4 a6 5. Nc3 Qc7 6. Be3 b5 7. Bd3 Bb7 8. O-O Nf6 9. f3 Be7 10. Qd2 d5 11. Rae1 b4 12. Na4 dxe4 13. fxe4 Nxe4 14. Bxe4 Bxe4 15. Bf4 Qb7 16. Nb3 Nd7 17. Rd1 Bc6 18. Na5 Qb5 19. Nxc6 Qxc6 20. b3 Rd8 21. Nb2 O-O 22. Nc4 Nf6 23. Qe2 Qe4 24. Be3 Bc5 25. Rde1 Bxe3+ 26. Nxe3 Nd5 27. Nxd5 Qxd5 28. Qxa6 Qd4+ 29. Rf2 Rc8 30. Qe2 Rc3 31. Rd1 Qh4 32. g3 Qh6 33. Qd2 Qg6 34. Re1 h6 35. Re3 Rfc8 36. Rxc3 Rxc3 37. Kf1 Kh7 38. Ke1 Qe4+ 39. Kd1 Re3 40. Kc1 Re1+ 41. Kb2 Qe5+ 42. c3 bxc3+ 43. Qxc3 Rb1+ 44. Kc2 Rc1+ 45. Kxc1 Qxc3+ 46. Rc2 Qe3+ 47. Kb2 Qe1 0-1


[Site "https://www.chess.com"]

[Event "Titled Tuesday Blitz December 27 Early 2022"]
[White "Starozhilov, Leonid"]
[Black "Zakhartsov, Vladimir"]
[WhiteFideId "14106752"]
[BlackFideId "4145097"]
[WhiteElo "2313"]
[BlackElo "2552"]
[Result "1/2-1/2"]
[Round "09"]
[TimeControl "180+2"]
[Date "2022.12.27"]
[WhiteClock "0:00:05"]
[BlackClock "0:00:04"]

1. e4 c5 2. Nf3 Nc6 3. Bb5 g6 4. O-O Bg7 5. Nc3 Nf6 6. Bxc6 dxc6 7. d3 O-O 8. h3 e5 9. Nxe5 Nxe4 10. Nxe4 Bxe5 11. Bh6 Re8 12. Qf3 Bf5 13. Ng3 Be6 14. c3 Qd5 15. Ne4 f5 16. Ng5 Qxf3 17. Nxf3 Bf6 18. Bf4 Bd5 19. Rfe1 Rxe1+ 20. Rxe1 Bxa2 21. c4 b5 22. Re6 Bg7 23. Rxc6 bxc4 24. dxc4 Bxb2 25. Rxc5 a5 26. Be5 Bxe5 27. Nxe5 a4 28. Rc7 a3 29. Nd7 Bxc4 30. Nf6+ Kf8 31. Nxh7+ Ke8 32. Nf6+ Kd8 33. Rxc4 a2 34. Rc1 a1=Q 35. Rxa1 Rxa1+ 36. Kh2 Rd1 37. Nh7 Ke7 38. Kg3 Rd3+ 39. f3 Rd4 40. h4 Kf7 41. Ng5+ Kf6 42. Nh7+ Kg7 43. Ng5 Kh6 44. Nf7+ Kh5 45. Ne5 Ra4 46. Nd3 Ra1 47. Nf4+ Kh6 48. Nh3 Rh1 49. Nf4 Kg7 50. Nh3 Kf6 51. Nf4 Ra1 52. Nd5+ Ke5 53. Nf4 Ra6 54. Nd3+ Kd4 55. Nf4 Ke3 56. Nd5+ Ke2 57. Nf4+ Kf1 58. Nh3 Ra2 59. Nf4 Rb2 60. Kh3 Rb6 61. Kg3 Kg1 62. Ne2+ Kh1 63. Nf4 Rb2 64. Kh3 Rb6 65. Kg3 Ra6 66. Kh3 Ra2 67. Kg3 Rc2 68. Kh3 Rc6 69. Kg3 Kg1 70. Ne2+ Kf1 71. Nf4 Ra6 72. Nh3 Ra4 73. Nf4 Ra6 1/2-1/2


[Site "https://www.chess.com"]

[Event "Titled Tuesday Blitz December 27 Early 2022"]
[White "Stork, Oliver"]
[Black "Piesik, Piotr"]
[WhiteFideId "12955728"]
[BlackFideId "1136194"]
[WhiteElo "2342"]
[BlackElo "2426"]
[Result "0-1"]
[Round "09"]
[TimeControl "180+2"]
[Date "2022.12.27"]
[WhiteClock "0:00:03"]
[BlackClock "0:00:35"]

1. d4 c5 2. d5 e5 3. e4 d6 4. Nc3 Be7 5. f4 exf4 6. Bxf4 Bg5 7. Qd2 Bxf4 8. Qxf4 Qf6 9. g3 a6 10. a4 Nd7 11. O-O-O Ne5 12. Be2 g5 13. Qe3 g4 14. h3 h5 15. Rf1 Qh6 16. Qf4 Qg7 17. Nd1 Ne7 18. Ne3 Bd7 19. Nc4 Nxc4 20. Bxc4 Qg6 21. Bd3 O-O-O 22. Qxf7 Qxf7 23. Rxf7 Ng6 24. Rf6 Ne5 25. Rxd6 Bxa4 26. Rxd8+ Kxd8 27. hxg4 Nxg4 28. Ne2 Be8 29. Nf4 Ne5 30. Be2 Ke7 31. Bxh5 Kd6 32. Rh4 Bxh5 33. Rxh5 Rxh5 34. Nxh5 Nf3 35. Kd1 Ke5 36. Ke2 Nd4+ 37. Kd3 b5 38. c3 c4+ 39. Ke3 Nc2+ 40. Kd2 Na1 41. Nf4 Kxe4 42. d6 Nb3+ 43. Ke2 Nc5 44. Ng6 Kd5 45. Ke3 Kxd6 46. g4 Na4 47. g5 Nxb2 48. Nf4 Ke5 49. g6 Kf6 50. Kd4 Nd3 51. Nxd3 cxd3 0-1


[Site "https://www.chess.com"]

[Event "Titled Tuesday Blitz December 27 Early 2022"]
[White "Tactrics"]
[Black "Grigoriants, Sergey"]
[BlackFideId "4130804"]
[WhiteElo "2976"]
[BlackElo "2562"]
[Result "1-0"]
[Round "09"]
[TimeControl "180+2"]
[Date "2022.12.27"]
[WhiteClock "0:00:19"]
[BlackClock "0:00:01"]

1. e4 c6 2. Nc3 d5 3. Nf3 Bg4 4. h3 Bxf3 5. Qxf3 Nf6 6. d3 e6 7. Qg3 g6 8. Be2 Bg7 9. Bg5 h6 10. Bd2 Nbd7 11. e5 Ng8 12. f4 Ne7 13. Qf2 h5 14. g3 Qb6 15. Qxb6 axb6 16. Bf3 Nf5 17. Ne2 g5 18. a3 gxf4 19. gxf4 f6 20. d4 c5 21. c3 Nb8 22. Kf2 Nc6 23. Be3 Ke7 24. Rag1 Bh6 25. exf6+ Kxf6 26. Bxh5 cxd4 27. Rg6+ Ke7 28. cxd4 Nh4 29. Rg4 Nf5 30. Rg6 Nh4 31. Rgg1 Nf5 32. Bg4 Nxe3 33. Kxe3 Raf8 34. Rf1 Rf6 35. Nc1 e5 36. dxe5 Nxe5 37. Kd4 Nc6+ 38. Kxd5 Bxf4 39. Ke4 Rd8 40. Ne2 Bg5 41. Rxf6 Bxf6 42. b4 Ne5 43. Nf4 Nxg4 44. hxg4 Rd4+ 45. Kf5 1-0


[Site "https://www.chess.com"]

[Event "Titled Tuesday Blitz December 27 Early 2022"]
[White "Tanenbaum, Zachary"]
[Black "Cnejev, Vladimir-Alexandru"]
[WhiteFideId "2060850"]
[BlackFideId "1260898"]
[WhiteElo "2261"]
[BlackElo "2374"]
[Result "0-1"]
[Round "09"]
[TimeControl "180+2"]
[Date "2022.12.27"]
[WhiteClock "0:00:01"]
[BlackClock "0:00:05"]

1. e4 e5 2. Nf3 Nc6 3. Bc4 Bc5 4. c3 Nf6 5. d3 a6 6. Nbd2 d6 7. a4 Ba7 8. O-O h6 9. h3 g5 10. Re1 g4 11. hxg4 Nxg4 12. d4 exd4 13. e5 d5 14. e6 dxc4 15. Nxd4 Nxd4 16. Qxg4 Nxe6 17. Qg7 Rf8 18. Ne4 f5 19. Qg6+ Rf7 20. Ng3 Qf6 21. Qg8+ Rf8 22. Qh7 Bd7 23. Nh5 Qf7 24. Ng7+ Kd8 25. Nxe6+ Bxe6 26. Qxh6 Kd7 27. Rd1+ Bd5 28. Be3 Bxe3 29. Qxe3 c6 30. Qb6 Kc8 31. Re1 Qc7 32. Qc5 Rd8 33. Re7 Qd6 34. Qe3 Kb8 35. Re8 Rxe8 36. Qxe8+ Ka7 37. Qe3+ b6 38. Rd1 Qc7 39. f3 a5 40. Qd4 Rd8 41. Re1 Qd6 42. Qg7+ Rd7 43. Qh8 Qc7 44. Re8 Qb7 45. Qe5 Rc7 46. Qd6 Rd7 47. Qf8 Rf7 48. Qd6 Qc7 49. Qh6 Re7 50. Rf8 Re1+ 0-1


[Site "https://www.chess.com"]

[Event "Titled Tuesday Blitz December 27 Early 2022"]
[White "Tarasova, Viktoriya"]
[Black "Makhmudov, Shukhrat"]
[WhiteFideId "4175840"]
[BlackFideId "14200775"]
[WhiteElo "2226"]
[BlackElo "2115"]
[Result "1-0"]
[Round "09"]
[TimeControl "180+2"]
[Date "2022.12.27"]
[WhiteClock "0:00:38"]
[BlackClock "0:00:02"]

1. d4 Nf6 2. c4 e6 3. Nc3 Bb4 4. Nf3 c5 5. dxc5 Nc6 6. Bf4 Bxc3+ 7. bxc3 O-O 8. Qc2 Re8 9. Bd6 Qa5 10. Nd2 e5 11. e3 e4 12. Be2 Ne5 13. O-O Ng6 14. Nb3 Qd8 15. Rfd1 b6 16. Bg3 Bb7 17. cxb6 axb6 18. c5 bxc5 19. Nxc5 Qc8 20. Bd6 Bc6 21. a4 Nd5 22. a5 Qd8 23. c4 Nb4 24. Qc3 Nd3 25. Nxd3 exd3 26. Bf1 Qg5 27. Bg3 Qf5 28. Qxd3 1-0


[Site "https://www.chess.com"]

[Event "Titled Tuesday Blitz December 27 Early 2022"]
[White "Timofeev, Artyom"]
[Black "Zemlyanskii, Ivan"]
[WhiteFideId "4140419"]
[BlackFideId "24249971"]
[WhiteElo "2567"]
[BlackElo "2300"]
[Result "1-0"]
[Round "09"]
[TimeControl "180+2"]
[Date "2022.12.27"]
[WhiteClock "0:00:40"]
[BlackClock "0:00:02"]

1. d4 d5 2. Nc3 Nf6 3. Bf4 c5 4. e3 cxd4 5. exd4 a6 6. Nf3 Nc6 7. Ne5 Bd7 8. Qd2 e6 9. Be2 Qb6 10. Nxc6 Bxc6 11. Rb1 Be7 12. O-O Rd8 13. a3 O-O 14. Rfe1 Ne4 15. Nxe4 dxe4 16. c3 f5 17. Be5 Bd6 18. Bxd6 Rxd6 19. Qf4 Qd8 20. h4 Qe7 21. Rbd1 b5 22. c4 bxc4 23. Bxc4 Bd5 24. b3 Rc8 25. Bxd5 Rxd5 26. b4 Rcd8 27. Rc1 Rxd4 28. Rc5 R4d5 29. Rec1 h6 30. Rc6 a5 31. bxa5 Rxa5 32. Rc7 Qf6 33. Rb7 e5 34. Qg3 f4 35. Qg4 e3 36. Rcc7 exf2+ 37. Kxf2 g6 38. h5 g5 39. Rg7+ Qxg7 40. Rxg7+ Kxg7 41. Qe6 Rad5 42. Qg6+ Kf8 43. Qxh6+ Ke7 44. Qxg5+ Ke6 45. Qg6+ Ke7 46. h6 Rd2+ 47. Kg1 f3 48. gxf3 Rb2 49. Qg5+ Ke8 50. Qxd8+ Kxd8 51. h7 Rb1+ 52. Kg2 Rb2+ 53. Kg3 Ke7 54. h8=Q Rb5 55. Qc8 Rd5 56. Qb7+ Ke6 57. a4 Rd6 58. a5 Kf5 59. Qc8+ Kf6 60. a6 e4 61. fxe4 1-0


[Site "https://www.chess.com"]

[Event "Titled Tuesday Blitz December 27 Early 2022"]
[White "Toncheva, Nadya"]
[Black "Hasangatin, Ramil"]
[WhiteFideId "2924056"]
[BlackFideId "4122160"]
[WhiteElo "2295"]
[BlackElo "2457"]
[Result "0-1"]
[Round "09"]
[TimeControl "180+2"]
[Date "2022.12.27"]
[WhiteClock "0:00:04"]
[BlackClock "0:00:46"]

1. e4 d5 2. exd5 Qxd5 3. Nc3 Qd6 4. d4 Nf6 5. Bc4 c6 6. Nf3 Bg4 7. O-O e6 8. Bg5 Nbd7 9. h3 Bxf3 10. Qxf3 Qxd4 11. Bb3 Be7 12. Rad1 Qc5 13. Be3 Qh5 14. Rxd7 Kxd7 15. Qg3 Qg6 16. Qe5 Rhd8 17. Bf4 Ke8 18. Re1 Qf5 19. Qe3 Kf8 20. g4 Qa5 21. g5 Nd5 22. Nxd5 cxd5 23. c3 Qb6 24. Qd3 Kg8 25. Bc2 g6 26. h4 Bd6 27. Be3 Bc5 28. Bd4 Bxd4 29. cxd4 Rac8 30. h5 Qc7 31. Bd1 Qf4 32. Re5 Rc1 33. Kg2 Rdc8 34. hxg6 hxg6 35. Kh3 Kg7 36. Qe2 Rh8+ 37. Kg2 Qh2+ 38. Kf3 Rh3+ 39. Kg4 Qg2+ 40. Kf4 Qh2+ 41. Kg4 Rh4+ 42. Kf3 Qh3# 0-1


[Site "https://www.chess.com"]

[Event "Titled Tuesday Blitz December 27 Early 2022"]
[White "Toropov, Pavel"]
[Black "Bryakin, Mikhail"]
[WhiteFideId "24129178"]
[BlackFideId "4165314"]
[WhiteElo "2336"]
[BlackElo "2455"]
[Result "1-0"]
[Round "09"]
[TimeControl "180+2"]
[Date "2022.12.27"]
[WhiteClock "0:00:06"]
[BlackClock "0:00:05"]

1. e4 d5 2. exd5 Qxd5 3. Nc3 Qe5+ 4. Be2 Bg4 5. f3 Bh5 6. d4 Qd6 7. Nh3 f6 8. Bf4 Qd7 9. Bg3 Bf7 10. Nf4 Nc6 11. d5 Ne5 12. Qd4 a6 13. O-O-O Nh6 14. Qe4 Nf5 15. Bf2 Nd6 16. Qd4 g6 17. Rhe1 Bh6 18. g3 b5 19. Kb1 O-O 20. Ne6 Bxe6 21. dxe6 Qxe6 22. f4 Nc6 23. Qc5 Qd7 24. Bf3 Na5 25. Bxa8 c6 26. Qb6 Nac4 27. Qxc6 Qh3 28. Rxe7 Qxh2 29. Bc5 Nf5 30. Qd7 Nxe7 31. Bxe7 Rxa8 32. Qd5+ Kg7 33. Qxa8 Kf7 34. Qd5+ Kg7 35. Qd7 Bxf4 36. Bd6+ Kh6 37. Bxf4+ g5 38. Qd5 Kg7 39. Bc1 Qf2 40. Qd7+ Kg6 41. Rh1 h5 42. Qd3+ Kh6 43. Rf1 Qb6 44. Qf5 Kg7 45. Nd5 Qd4 46. Nxf6 Na3+ 47. bxa3 1-0


[Site "https://www.chess.com"]

[Event "Titled Tuesday Blitz December 27 Early 2022"]
[White "Turzo, Attila"]
[Black "Mohammed, Zozek Salah Mohammed"]
[WhiteFideId "704954"]
[BlackFideId "4803361"]
[WhiteElo "2279"]
[BlackElo "2210"]
[Result "0-1"]
[Round "09"]
[TimeControl "180+2"]
[Date "2022.12.27"]
[WhiteClock "0:00:06"]
[BlackClock "0:00:29"]

1. d4 Nf6 2. Bf4 c5 3. dxc5 Na6 4. Nc3 Nxc5 5. Qd4 d6 6. Bg5 Ne6 7. Qd2 Nxg5 8. Qxg5 g6 9. e4 Bg7 10. h4 h6 11. Qd2 Qb6 12. O-O-O Nxe4 13. Bb5+ Bd7 14. Nxe4 Qxb5 15. c3 O-O 16. h5 g5 17. f4 f5 18. Nf2 g4 19. Ne2 Rac8 20. Nd4 Qc4 21. Kb1 e5 22. Nb3 Qxf4 23. Qxf4 exf4 24. Nd3 Bc6 25. Nxf4 Be5 26. Ng6 Bxg2 27. Nxf8 Bxh1 28. Rxh1 Rxf8 29. Kc2 f4 30. Kd3 f3 31. Nd2 g3 0-1


[Site "https://www.chess.com"]

[Event "Titled Tuesday Blitz December 27 Early 2022"]
[White "Vargas Pereda, Jesus Manue"]
[Black "Warchol, Kamil"]
[WhiteFideId "5115710"]
[BlackFideId "21858241"]
[WhiteElo "1851"]
[BlackElo "2173"]
[Result "0-1"]
[Round "09"]
[TimeControl "180+2"]
[Date "2022.12.27"]
[WhiteClock "0:00:09"]
[BlackClock "0:00:02"]

1. d4 Nf6 2. Nf3 e6 3. Bf4 d5 4. e3 c5 5. c3 Nc6 6. Bd3 Bd7 7. Nbd2 Be7 8. Ne5 Qb6 9. Rb1 Rc8 10. O-O h5 11. Ndf3 Nxe5 12. Nxe5 Bb5 13. c4 dxc4 14. Nxc4 Qa6 15. Qe2 O-O 16. a3 cxd4 17. Ne5 Bxd3 18. Nxd3 dxe3 19. Qxe3 Rfd8 20. Ne5 Bd6 21. Qg3 Kf8 22. Rfe1 Nd5 23. Qh4 Nxf4 24. Qxf4 Bxe5 25. Rxe5 Qd6 26. Rbe1 f6 27. Qf3 Qxe5 28. Rf1 Qd5 29. Qe3 Kg8 30. h4 Qd4 31. Qf3 Qxh4 32. Qb3 Qg4 33. Qxb7 Rb8 34. Qc6 Rbc8 35. Qb7 h4 36. Qxa7 h3 37. g3 Rd1 38. Qa6 Rxf1+ 39. Kxf1 Qd1# 0-1


[Site "https://www.chess.com"]

[Event "Titled Tuesday Blitz December 27 Early 2022"]
[White "Vasques, Antonio Pedro Freixial"]
[Black "Berezin, Viktor"]
[WhiteFideId "1908332"]
[BlackFideId "14107872"]
[WhiteElo "2214"]
[BlackElo "2307"]
[Result "0-1"]
[Round "09"]
[TimeControl "180+2"]
[Date "2022.12.27"]
[WhiteClock "0:00:15"]
[BlackClock "0:01:29"]

1. e4 g6 2. d4 Bg7 3. Nc3 d6 4. h4 h5 5. Be3 Nf6 6. f3 c6 7. Nh3 O-O 8. Qd2 b5 9. O-O-O Qa5 10. Kb1 b4 11. Ne2 e5 12. Nc1 Nbd7 13. Ng5 d5 14. Nb3 Qc7 15. dxe5 Nxe5 16. Bd3 dxe4 17. Nxe4 Nd5 18. Bc5 Rd8 19. Qf2 a5 20. Rhe1 a4 21. Nc1 Be6 22. Ng5 Nxd3 23. Nxd3 Bf5 24. g4 Bxd3 25. Rxd3 a3 26. gxh5 gxh5 27. Bd4 Nc3+ 28. bxc3 bxc3 29. Kc1 Qb7 30. Bxg7 Qb2+ 31. Kd1 Rxd3+ 32. Ke2 Rd2+ 0-1


[Site "https://www.chess.com"]

[Event "Titled Tuesday Blitz December 27 Early 2022"]
[White "Veiga, Emerson de Sousa"]
[Black "White, John S."]
[WhiteFideId "2151898"]
[BlackFideId "2502348"]
[WhiteElo "2121"]
[BlackElo "2235"]
[Result "1-0"]
[Round "09"]
[TimeControl "180+2"]
[Date "2022.12.27"]
[WhiteClock "0:02:07"]
[BlackClock "0:00:53"]

1. e4 c5 2. Bc4 e6 3. Nc3 Nc6 4. Nf3 d6 5. O-O Nf6 6. d4 cxd4 7. Nxd4 Be7 8. Be3 O-O 9. f4 Qc7 10. Bb3 a6 11. f5 e5 12. Nde2 b5 13. Ng3 Bb7 14. Bg5 Nd4 15. Bxf6 Bxf6 16. Bd5 b4 17. Bxb7 Qxb7 18. Nd5 Bd8 19. f6 g6 20. c3 b3 21. cxd4 bxa2 22. Qd2 exd4 23. Qh6 Bxf6 24. Nxf6+ 1-0


[Site "https://www.chess.com"]

[Event "Titled Tuesday Blitz December 27 Early 2022"]
[White "Vifleemskaia, Svetlana"]
[Black "Roque Sola, Gisela"]
[WhiteFideId "4129490"]
[BlackFideId "5120241"]
[WhiteElo "1971"]
[BlackElo "2061"]
[Result "1/2-1/2"]
[Round "09"]
[TimeControl "180+2"]
[Date "2022.12.27"]
[WhiteClock "0:00:04"]
[BlackClock "0:00:03"]

1. d4 Nf6 2. c4 e6 3. Nc3 Bb4 4. e3 O-O 5. Ne2 d5 6. a3 Be7 7. cxd5 exd5 8. g3 Re8 9. Bg2 c6 10. O-O Nbd7 11. f3 Nf8 12. e4 dxe4 13. fxe4 Bg4 14. e5 Nd5 15. h3 Be6 16. Nf4 Nxf4 17. gxf4 Qd7 18. Kh2 Rad8 19. Be3 Ng6 20. Qh5 Bf5 21. d5 cxd5 22. Nxd5 Be6 23. Rad1 Qb5 24. Nxe7+ Nxe7 25. Rxd8 Rxd8 26. Qh4 Qd7 27. Qf2 b6 28. Bf3 Nf5 29. Rd1 Qe7 30. Rxd8+ Qxd8 31. Be4 g6 32. Qd2 Qh4 33. Bf2 Ng3 34. Bg2 Ne4 35. Bxe4 Qxh3+ 36. Kg1 Qg4+ 37. Bg2 h5 38. Qd8+ Kh7 39. Qd3 h4 40. Kh2 Qxf4+ 41. Kg1 Qg4 42. Qf3 Qg5 43. Qe3 Qg4 44. Qf3 Qg5 45. Qe3 Qg4 46. Qf3 1/2-1/2


[Site "https://www.chess.com"]

[Event "Titled Tuesday Blitz December 27 Early 2022"]
[White "Vlassov, Nikolai"]
[Black "Peatman, Carter"]
[WhiteFideId "4103360"]
[BlackFideId "2096480"]
[WhiteElo "2283"]
[BlackElo "1998"]
[Result "1-0"]
[Round "09"]
[TimeControl "180+2"]
[Date "2022.12.27"]
[WhiteClock "0:00:33"]
[BlackClock "0:00:33"]

1. e4 e5 2. Bc4 Nc6 3. f4 exf4 4. d4 d6 5. Bxf4 Nf6 6. Nc3 Bg4 7. Nf3 Be7 8. Qd2 Nh5 9. Be3 Qd7 10. O-O-O O-O-O 11. Bxf7 Rhf8 12. Bb3 Bxf3 13. gxf3 Rxf3 14. Kb1 Rdf8 15. Ba4 Qh3 16. Bxc6 Rxe3 17. Bd5 Ref3 18. Nb5 a6 19. Qa5 Bd8 20. e5 Rf1 21. Na7+ Kb8 22. Qb4 Rxd1+ 23. Rxd1 Qc8 24. Nxc8 b6 1-0


[Site "https://www.chess.com"]

[Event "Titled Tuesday Blitz December 27 Early 2022"]
[White "Volkov, Maksim"]
[Black "Hnydiuk, Aleksander"]
[WhiteFideId "54123070"]
[BlackFideId "1109057"]
[WhiteElo "2258"]
[BlackElo "2363"]
[Result "1-0"]
[Round "09"]
[TimeControl "180+2"]
[Date "2022.12.27"]
[WhiteClock "0:01:31"]
[BlackClock "0:01:57"]

1. d4 Nf6 2. c4 g6 3. g3 Bg7 4. Bg2 O-O 5. Nc3 Nc6 6. Nf3 a6 7. O-O Rb8 8. d5 Na5 9. c5 d6 10. b4 Ng4 11. Qd3 Bf5 12. e4 Bxe4 13. Qxe4 Bxc3 14. bxa5 Nf6 15. Qb1 Bxa1 16. Qxa1 Nxd5 17. Bh6 e5 18. Bxf8 Qxf8 19. cxd6 cxd6 20. Nxe5 1-0


[Site "https://www.chess.com"]

[Event "Titled Tuesday Blitz December 27 Early 2022"]
[White "Vovk, Orest"]
[Black "Dias, Joao Batista"]
[WhiteFideId "14113490"]
[BlackFideId "2108240"]
[WhiteElo "2315"]
[BlackElo "1796"]
[Result "1-0"]
[Round "09"]
[TimeControl "180+2"]
[Date "2022.12.27"]
[WhiteClock "0:00:49"]
[BlackClock "0:00:59"]

1. h4 e5 2. h5 h6 3. Nc3 d5 4. e4 d4 5. Nce2 c5 6. Ng3 Nc6 7. Bc4 Nf6 8. d3 a6 9. a3 b5 10. Ba2 b4 11. Nf3 Rb8 12. Bc4 Bd6 13. Nh4 Na5 14. Ba2 Bg4 15. f3 Be6 16. Nhf5 Bxa2 17. Nxd6+ Qxd6 18. Nf5 Qf8 19. axb4 Be6 20. Rxa5 Bxf5 21. exf5 Rxb4 22. Rxa6 Rb8 23. Qe2 Qe7 24. g4 O-O 25. g5 hxg5 26. Bxg5 Rxb2 27. Kf2 Qb7 28. Rxf6 gxf6 29. Bxf6 Kh7 30. Rg1 Rg8 31. Rg6 c4 32. Qd2 Rxg6 33. hxg6+ fxg6 34. fxg6+ Kg8 35. Qh6 Rxc2+ 36. Kg3 1-0


[Site "https://www.chess.com"]

[Event "Titled Tuesday Blitz December 27 Early 2022"]
[White "Wagner, Dennis"]
[Black "Feng, Eric"]
[WhiteFideId "24650684"]
[BlackFideId "30952590"]
[WhiteElo "2595"]
[BlackElo "1951"]
[Result "0-1"]
[Round "09"]
[TimeControl "180+2"]
[Date "2022.12.27"]
[WhiteClock "0:00:06"]
[BlackClock "0:00:18"]

1. d4 Nf6 2. Nf3 e6 3. c4 d5 4. cxd5 exd5 5. Nc3 Be7 6. Bf4 O-O 7. e3 Bf5 8. h3 Nbd7 9. g4 Be4 10. Nxe4 Nxe4 11. Bd3 Bb4+ 12. Kf1 Bd6 13. Bxd6 cxd6 14. Kg2 f5 15. Qb3 Nb6 16. gxf5 Kh8 17. h4 Rxf5 18. Bxe4 dxe4 19. Ng5 d5 20. Rac1 Qf6 21. Qc2 Rf8 22. Rcf1 h6 23. Qe2 Qg6 24. Qg4 hxg5 25. hxg5+ Kg8 26. Rh5 Nc4 27. Qh4 Kf7 28. b3 Nd6 29. Rc1 Ke6 30. Rc2 Nf7 31. Qg4 Nxg5 32. Rc7 Rf6 33. Rxb7 Nf3 34. Qxg6 Rxg6+ 35. Kf1 Rg1+ 0-1


[Site "https://www.chess.com"]

[Event "Titled Tuesday Blitz December 27 Early 2022"]
[White "Wagner, Dinara"]
[Black "Kabanov, Nikolai"]
[WhiteFideId "24157570"]
[BlackFideId "4127820"]
[WhiteElo "2417"]
[BlackElo "2429"]
[Result "0-1"]
[Round "09"]
[TimeControl "180+2"]
[Date "2022.12.27"]
[WhiteClock "0:00:03"]
[BlackClock "0:00:46"]

1. d4 d5 2. c4 e6 3. Nf3 a6 4. cxd5 exd5 5. Nc3 Nf6 6. Bg5 Be6 7. g3 Nbd7 8. Bg2 h6 9. Bxf6 Nxf6 10. Qb3 b5 11. Ne5 Bd6 12. O-O O-O 13. Nc6 Qe8 14. Nxd5 Bxd5 15. Bxd5 Nxd5 16. Qxd5 Qxe2 17. b3 Rfe8 18. Rac1 Qxa2 19. Ne5 Bxe5 20. dxe5 Rad8 21. Qf3 Rd7 22. Ra1 Qb2 23. Rxa6 Qxe5 24. Rc1 c5 25. Rc6 Rd5 26. Qg4 Qd4 27. Qf3 Ree5 28. Rc7 Rf5 29. Qe2 Rde5 30. Qf1 Rf3 31. Rd1 Qb2 32. Rc8+ Kh7 33. Rcd8 Qxb3 34. Qg2 Re2 35. R8d2 Rxd2 36. Rxd2 Qb1+ 37. Qf1 Qxf1+ 38. Kxf1 Rc3 39. Rb2 b4 40. Ke2 Kg6 41. Kd2 Kf5 42. Ra2 Ke4 43. Ra7 Rf3 44. Ke2 Rf6 45. Rc7 Kd4 0-1


[Site "https://www.chess.com"]

[Event "Titled Tuesday Blitz December 27 Early 2022"]
[White "Williams, Simon K"]
[Black "Bortnyk, Olexandr"]
[WhiteFideId "404454"]
[BlackFideId "14120828"]
[WhiteElo "2465"]
[BlackElo "2605"]
[Result "0-1"]
[Round "09"]
[TimeControl "180+2"]
[Date "2022.12.27"]
[WhiteClock "0:00:06"]
[BlackClock "0:00:05"]

1. d4 d6 2. e4 Nf6 3. Nc3 Nbd7 4. g4 h6 5. h3 e5 6. Nge2 b6 7. Bg2 Bb7 8. Be3 g6 9. Qd2 Bg7 10. Ng3 a6 11. O-O Qe7 12. a4 h5 13. g5 Nh7 14. h4 O-O 15. Rae1 f6 16. dxe5 Nxe5 17. Nd5 Qd7 18. f4 Nc4 19. Qd3 Nxe3 20. Rxe3 fxg5 21. hxg5 Bxd5 22. Qxd5+ Kh8 23. c3 Rae8 24. a5 bxa5 25. Qxa5 Qc6 26. e5 Qc4 27. Re4 Qd3 28. e6 Qxg3 29. Qd5 Re7 30. Rf3 Qg4 31. Kf2 Rf5 32. Qa8+ Rf8 33. Qd5 Qh4+ 34. Kf1 Rb8 35. b4 Rf8 36. f5 Qxg5 37. fxg6 Qxd5 0-1


[Site "https://www.chess.com"]

[Event "Titled Tuesday Blitz December 27 Early 2022"]
[White "Xiong, Jeffery"]
[Black "Mahdavi, Reza"]
[WhiteFideId "2047640"]
[BlackFideId "12595926"]
[WhiteElo "2692"]
[BlackElo "2339"]
[Result "1-0"]
[Round "09"]
[TimeControl "180+2"]
[Date "2022.12.27"]
[WhiteClock "0:00:03"]
[BlackClock "0:00:09"]

1. d4 Nf6 2. Nf3 g6 3. Nbd2 d5 4. b3 Bg7 5. Bb2 O-O 6. e3 b6 7. Be2 Bb7 8. O-O c5 9. a4 Nc6 10. Ne5 Nxe5 11. dxe5 Nd7 12. f4 e6 13. c4 Re8 14. Bf3 Qc7 15. a5 Rad8 16. axb6 axb6 17. cxd5 exd5 18. Ra7 Qb8 19. Qa1 Bc6 20. Nc4 Nf8 21. Ra6 dxc4 22. Bxc6 Re6 23. Ra8 Qc7 24. Rxd8 Qxd8 25. Rd1 Qc7 26. Bd5 cxb3 27. Bxe6 Nxe6 28. Qa4 c4 29. Rc1 Qc5 30. Qxc4 Qxe3+ 31. Kh1 Nxf4 32. Rf1 Ne6 33. Qc8+ Bf8 34. Qe8 Qe2 35. Qxf7+ Kh8 36. h3 h5 37. Rf3 Qe1+ 38. Kh2 Bc5 39. Rf1 Qe2 40. Bc1 Qxe5+ 41. Kh1 Bd6 42. Bb2 Qxb2 43. Qxe6 Qe5 44. Rf8+ Kg7 45. Rg8+ Kh7 46. Qxg6# 1-0


[Site "https://www.chess.com"]

[Event "Titled Tuesday Blitz December 27 Early 2022"]
[White "Xu, Yi"]
[Black "Samunenkov, Ihor"]
[WhiteFideId "8605564"]
[BlackFideId "14187086"]
[WhiteElo "2527"]
[BlackElo "2501"]
[Result "1-0"]
[Round "09"]
[TimeControl "180+2"]
[Date "2022.12.27"]
[WhiteClock "0:00:38"]
[BlackClock "0:00:08"]

1. e4 c6 2. d4 d5 3. e5 Bf5 4. h4 h5 5. Bd3 Bxd3 6. Qxd3 Qa5+ 7. Nd2 e6 8. Ne2 Nh6 9. O-O Nf5 10. Nf3 Qa6 11. Qd1 c5 12. c3 Nc6 13. Bg5 Qb6 14. Rb1 Be7 15. b4 cxd4 16. b5 Na5 17. Nexd4 Nxd4 18. cxd4 f6 19. Bf4 Nc4 20. Re1 Kf7 21. Qd3 a6 22. a4 axb5 23. Rxb5 Qc6 24. Qb3 b6 25. Rc1 Ra5 26. exf6 gxf6 27. Nd2 Rc8 28. Qf3 Kg6 29. Nxc4 dxc4 30. Qxh5+ Kg7 31. Bh6+ Kh7 32. Bf8+ Kg8 33. Bxe7 Rxb5 34. Qg6+ 1-0


[Site "https://www.chess.com"]

[Event "Titled Tuesday Blitz December 27 Early 2022"]
[White "Yaran, Siar"]
[Black "Guliev, Logman"]
[WhiteFideId "6323006"]
[BlackFideId "13400061"]
[WhiteElo "2288"]
[BlackElo "2250"]
[Result "0-1"]
[Round "09"]
[TimeControl "180+2"]
[Date "2022.12.27"]
[WhiteClock "0:00:12"]
[BlackClock "0:00:24"]

1. d4 Nf6 2. c4 e6 3. Nc3 Bb4 4. e3 O-O 5. Bd3 d5 6. a3 Bxc3+ 7. bxc3 c5 8. cxd5 exd5 9. Ne2 Nc6 10. f3 Re8 11. O-O Na5 12. Ng3 Be6 13. Ra2 Rb8 14. Re2 Rc8 15. Ree1 Qd7 16. Bb2 cxd4 17. cxd4 Nc4 18. Ba1 Nxa3 19. e4 dxe4 20. fxe4 Bc4 21. Rxf6 Bxd3 22. Qxd3 Nc2 23. Rff1 Nxe1 24. Rxe1 b5 25. h3 b4 26. d5 f6 27. Re3 Rc1+ 28. Kh2 Rxa1 29. Nf5 Ra3 0-1


[Site "https://www.chess.com"]